 Dungeon Crawl Stone Soup version 0.30.1-11-g7821555f0a (webtiles) character file.

Game seed: 9784204575558399382

74 jfcaron the Firebug (level 4, -1/32 HPs)
             Began as a Gnoll Fire Elementalist on Nov 8, 2023.
             Slain by Robin
             ... wielding a +0 mace of protection
              (5 damage)
             ... on level 2 of the Dungeon.
             The game lasted 00:06:21 (1531 turns).

jfcaron the Firebug (Gnoll Fire Elementalist)       Turns: 1531, Time: 00:06:21

Health: -1/32      AC:  2    Str:  6 (8)  XL:     4   Next: 30%
Magic:  1/11       EV: 12    Int: 14 (16) God:
Gold:   77         SH:  3    Dex:  9 (12) Spells: 9/13 levels left

rFire   . . .        m - +3 dagger (speed)
rCold   + . .        j - +0 buckler
rNeg    . . .        a - +0 robe
rPois   .            (no helmet)
rElec   .            (no cloak)
rCorr   .            (no gloves)
SInv    .            (no boots)
Will    .....        (no amulet)
Stlth   ++           n - ring of protection from cold
HPRegen 0.25/turn    (no ring)
MPRegen 0.12/turn

%: no passive effects
@: weak-willed
A: fangs 1, strong nose, distributed training
a: no special abilities


You were on level 2 of the Dungeon.
You visited 1 branch of the dungeon, and saw 2 of its levels.

You collected 77 gold pieces.

Inventory:

Hand Weapons
 m - a +3 dagger of speed (weapon)
   (You took it off a goblin on level 1 of the Dungeon)
Missiles
 e - 3 javelins
 i - 28 stones
Armour
 a - a +0 robe (worn)
 j - a +0 buckler (worn)
Jewellery
 n - a ring of protection from cold (left hand)
   (You found it on level 2 of the Dungeon)
Scrolls
 k - a scroll of noise
Potions
 g - a potion of mutation


   Skills:
 + Level 1.1 Fighting
 + Level 1.1 Short Blades
 + Level 1.1 Long Blades
 + Level 1.1 Axes
 + Level 1.1 Maces & Flails
 + Level 1.1 Polearms
 + Level 1.1 Staves
 + Level 1.1 Ranged Weapons
 + Level 1.1 Throwing
 + Level 1.1 Armour
 + Level 4.6 Dodging
 + Level 4.2 Stealth
 + Level 1.1 Shields
 + Level 1.1 Unarmed Combat
 + Level 5.1 Spellcasting
 + Level 2.2 Conjurations
 + Level 0.9 Hexes
 + Level 0.9 Summonings
 + Level 0.9 Necromancy
 + Level 0.9 Translocations
 + Level 0.9 Transmutations
 + Level 5.4 Fire Magic
 + Level 0.9 Ice Magic
 + Level 0.9 Air Magic
 + Level 0.9 Earth Magic
 + Level 0.9 Poison Magic
 + Level 1.2 Invocations
 + Level 1.1 Evocations


You had 9 spell levels left.
You knew the following spells:

 Your Spells              Type           Power      Damage    Failure   Level
a - Foxfire               Conj/Fire      56%        2x1d6     6%          1
b - Scorch                Fire           36%        2d7       4%          2
c - Summon Small Mammal   Summ           24%        N/A       21%         1

Your spell library contained the following spells:

 Spells                   Type           Power      Damage    Failure   Level
 Apportation              Tloc           12%        N/A       21%         1
 Necrotise                Necr           24%        1d5       21%         1
 Inner Flame              Hex/Fire       12%        N/A       24%         3
 Volatile Blastmotes      Fire/Tloc      24%        2d12      24%         3
 Call Canine Familiar     Summ           6%         N/A       52%         3
 Frozen Ramparts          Ice            12%        1d2       52%         3
 Summon Guardian Golem    Hex/Summ       6%         N/A       52%         3
 Flame Wave               Conj/Fire      14%        2d6       52%         4
 Ice Form                 Ice/Tmut       6%         N/A       90%         4
 Summon Ice Beast         Ice/Summ       6%         N/A       90%         4


Dungeon Overview and Level Annotations

Branches:
Dungeon (2/15)

Altars:
Uskayaw

Annotations:
D:2 Robin


Innate Abilities, Weirdness & Mutations

You have very sharp teeth.
Your uncanny sense of smell can sniff out nearby items.
Your experience applies equally to all skills.


Message History

You conjure some foxfire!
The hobgoblin hits you.
* * * LOW HITPOINT WARNING * * *
It was a potion of curing.
You feel better.
Robin hits you with a +0 mace of protection.
* * * LOW HITPOINT WARNING * * *
The hobgoblin closely misses you.
Casting: Foxfire (safe; 6% risk of failure)
Confirm with . or Enter, or press ? or * to list all spells.
Flames lash the goblin.
You kill the goblin!
The hobgoblin no longer looks unusually strong.
Robin roars a battlecry!
The hobgoblin goes into a battle-frenzy!
The hobgoblin hits you.
* * * LOW HITPOINT WARNING * * *
Casting: Scorch (safe; 4% risk of failure)
Confirm with . or Enter, or press ? or * to list all spells.
Flames lash the goblin.
You kill the goblin!
Robin closely misses you. The hobgoblin misses you.
Casting: Scorch (safe; 4% risk of failure)
Confirm with . or Enter, or press ? or * to list all spells.
Flames lash the hobgoblin.
You kill the hobgoblin!
Robin hits you with a +0 mace of protection.
* * * LOW HITPOINT WARNING * * *
Casting: Scorch (safe; 4% risk of failure)
Confirm with . or Enter, or press ? or * to list all spells.
You conjure some foxfire!
Robin barely misses you.
The foxfire hits Robin.
Robin is heavily wounded.
The foxfire hits Robin.
Robin is severely wounded.
Robin misses you.
You see here a hobgoblin corpse.
Casting: Foxfire (safe; 6% risk of failure)
Confirm with . or Enter, or press ? or * to list all spells.
You conjure some foxfire!
Robin hits you with a +0 mace of protection.
You die...

#.# #.##..≈≈≈≈#.#.†##≈≈.# #.#
#.##..§≈≈§###.#.##§.. #.#
#.##.#..≈§≈§####..... # #.#
#.........§§§§≈§..##.
#..)###.#####.#..>....†..§§§.###§
...gg....g.##.#.#######..........
#..g###.##.##.#.# #.#######.. ##
####.##>##.#.## #.# #..
#....##.##†.)@### #.# #..
...#.##....○...vgv§####.# #..
#........○☼.♣○_♣P○.....### #..
...####.###.P☼PP..○°...☼..# #..
#.##..○P♣○..####.#.#.####..
#.###○#..P.☼............... #.#
#.####.#####.#.#.####). #.# #.#
#.# ##.......... #.###.## #.#
########..


You could see Robin (weak-willed, ally target).

Vanquished Creatures
  Jessica (D:2)
  8 ball pythons
  3 endoplasms
  A giant cockroach (D:1)
  10 goblins
  8 hobgoblins
  A quokka (D:2)
  4 bats
  3 frilled lizards
  4 kobolds
  A rat (D:2)
  98 foxfires
142 creatures vanquished.

Notes
Turn   | Place    | Note
-------+----------+-------------------------------------------
     0 | D:1      | jfcaron the Gnoll Fire Elementalist began the quest for the
                  | Orb.
     0 | D:1      | Reached XP level 1. HP: 13/13 MP: 6/6
   185 | D:1      | Reached XP level 2. HP: 19/19 MP: 5/7
   300 | D:1      | Learned a level 2 spell: Scorch
  1002 | D:2      | Reached skill level 5 in Spellcasting
  1002 | D:2      | Reached XP level 3. HP: 25/25 MP: 6/9
  1044 | D:2      | Found a faded altar of an unknown god.
  1199 | D:2      | Noticed Jessica
  1204 | D:2      | Killed Jessica
  1205 | D:2      | Reached skill level 1 in Fighting
  1205 | D:2      | Reached skill level 1 in Short Blades
  1205 | D:2      | Reached skill level 1 in Long Blades
  1205 | D:2      | Reached skill level 1 in Axes
  1205 | D:2      | Reached skill level 1 in Maces & Flails
  1205 | D:2      | Reached skill level 1 in Polearms
  1205 | D:2      | Reached skill level 1 in Staves
  1205 | D:2      | Reached skill level 1 in Ranged Weapons
  1205 | D:2      | Reached skill level 1 in Throwing
  1205 | D:2      | Reached skill level 1 in Armour
  1205 | D:2      | Reached skill level 1 in Shields
  1205 | D:2      | Reached skill level 1 in Unarmed Combat
  1205 | D:2      | Reached skill level 1 in Invocations
  1205 | D:2      | Reached skill level 1 in Evocations
  1267 | D:2      | Found a hide-covered altar of Uskayaw.
  1276 | D:2      | Reached XP level 4. HP: 32/32 MP: 9/11
  1335 | D:2      | Learned a level 1 spell: Summon Small Mammal
  1484 | D:2      | Noticed Robin
  1524 | D:2      | HP: 2/32 [hobgoblin[Robin] (6)]
  1531 | D:2      | Slain by Robin

Illustrated notes

Levels and vault maps discovered:
D:1:      grunt_arrival_crossed_arrows, layout_loops_ring,
          serial_park_tiny_pond, serial_park_tiny_pond, nicolae_eternal_life
D:2:      layout_loops_ring, basic_altar, ebering_ecumenical_altar_petrified,
          grunt_decor_junction, uniq_robin, uniq_jessica

Skill      XL: |  1  2  3 |
---------------+----------+-----
Conjurations   | 2 |  2.2
Spellcasting   | 5 |  5.1
Fighting       | 1 |  1.1
Short Blades   | 1 |  1.1
Long Blades    | 1 |  1.1
Axes           | 1 |  1.1
Maces & Flails | 1 |  1.1
Polearms       | 1 |  1.1
Staves         | 1 |  1.1
Ranged Weapons | 1 |  1.1
Throwing       | 1 |  1.1
Armour         | 1 |  1.1
Shields        | 1 |  1.1
Unarmed Combat | 1 |  1.1
Invocations    | 1 |  1.2
Evocations     | 1 |  1.1
Dodging        | |  4.6
Stealth        | |  4.2
Hexes          | |  0.9
Summonings     | |  0.9
Necromancy     | |  0.9
Translocations | |  0.9
Transmutations | |  0.9
Fire Magic     | |  5.4
Ice Magic      | |  0.9
Air Magic      | |  0.9
Earth Magic    | |  0.9
Poison Magic   | |  0.9

Action                     |  1- 3 |  4- 6 || total
---------------------------+-------+-------++-------
  Melee: Dagger            |    10 |     4 ||    14
   Cast: Foxfire           |    44 |    17 ||    61
         Scorch            |       |     5 ||     5
    Use: Scroll            |       |     5 ||     5
         Potion            |       |     3 ||     3
 Armour: Robe              |     4 |     3 ||     7
  Dodge: Dodged            |    12 |    18 ||    30
  Block: Buckler           |     3 |     4 ||     7

Table legend: (Time is in decaauts)
 A = Elapsed time spent in this place.
 B = Non-inter-level travel time spent in this place.
 C = Inter-level travel time spent in this place.
 D = Time resting spent in this place.
 E = Time spent auto-exploring this place.
 F = Levels seen in this place.
 G = Mean time per level.
                   A        B        C        D        E       F      G
               +--------+--------+--------+--------+--------+-----+--------+
         Total |   1526 |   1483 |     43 |     36 |   1187 |   2 |  763.0 |
       Dungeon |   1526 |   1483 |     43 |     36 |   1187 |   2 |  763.0 |
               +--------+--------+--------+--------+--------+-----+--------+

Top non-repeatable levels by time:
     D:1: 892 daAuts
     D:2: 633 daAuts

Table legend:
 A = Kills in this place as a percentage of kills in the entire game.
 B = Kills by you in this place as a percentage of kills by you in the entire game.
 C = Kills by friends in this place as a percentage of kills by friends in the entire game.
 D = Other kills in this place as a percentage of other kills in the entire game.
 E = Experience gained in this place as a percentage of experience gained in the entire game.
 F = Experience gained in this place divided by the number of levels of this place that you have seen.
                   A       B       C       D       E      F
               +-------+-------+-------+-------+-------+----------------------
         Total | 100.0 | 100.0 |   N/A |   N/A | 100.0 |  53.5
       Dungeon | 100.0 | 100.0 |   N/A |   N/A | 100.0 |  53.5
               +-------+-------+-------+-------+-------+----------------------

Levels and vault maps discovered:
D:1:      grunt_arrival_crossed_arrows, layout_loops_ring,
          serial_park_tiny_pond, serial_park_tiny_pond, nicolae_eternal_life
D:2:      layout_loops_ring, basic_altar, ebering_ecumenical_altar_petrified,
          grunt_decor_junction, uniq_robin, uniq_jessica
